 Dungeon Crawl Stone Soup version 0.32-a0-43-g058985b245 (webtiles) character file.

Game seed: 5621645134725390757

128 anacleto the Changeling (level 4, -3/41 HPs)
             Began as a Troll Shapeshifter on Feb 4, 2024.
             Slain by a gnoll
             ... wielding a +0 spear
              (5 damage)
             ... on level 4 of the Dungeon.
             The game lasted 00:03:44 (2319 turns).

anacleto the Changeling (Troll Shapeshifter)        Turns: 2319, Time: 00:03:45

Health: -3/41      AC:  4    Str: 24    XL:     4   Next: 87%
Magic:  3/3        EV: 10    Int:  6    God:
Gold:   153        SH:  0    Dex:  9    Spells: 3/3 levels left

rFire   . .          .
                       - Unarmed
rCold   . . .        (no shield)
rNeg    . . .        a - +0 animal skin
rPois   .            (helmet currently unavailable)
rElec   .            (cloak currently unavailable)
rCorr   .            (gloves unavailable)
SInv    .            (boots unavailable)
Will    .....        (no amulet)
Stlth   +            (no ring)
HPRegen 1.06/turn    (no ring)
MPRegen 0.08/turn

%: no passive effects
@: beast-form
A: beast (slay +2), large, unfitting armour, claws 3, regeneration 1, shaggy fur
1, tough skin 1
a: Begin Untransformation


You were on level 4 of the Dungeon.
You were a hulking beast.
You visited 1 branch of the dungeon, and saw 4 of its levels.

You collected 153 gold pieces.

Inventory:

Missiles
 u - 4 large rocks
 v - a poisoned dart (quivered)
 x - a throwing net
Armour
 a - a +0 animal skin (worn)
Jewellery
 k - a ring of ice
Talismans
 c - a beast talisman
 d - a flux talisman
Scrolls
 e - a scroll of enchant weapon {unknown}
 f - 3 scrolls of teleportation {unknown}
 g - a scroll of fog {unknown}
 h - a scroll of fear {unknown}
 i - 3 scrolls of identify {unknown}
 l - a scroll of noise {unknown}
 n - a scroll of enchant armour {unknown}
 o - a scroll of amnesia {unknown}
 r - a scroll of vulnerability {unknown}
 t - a scroll of silence {unknown}
 w - 2 scrolls of immolation {unknown}
Potions
 b - a potion of lignification
 j - 3 potions of curing {unknown}
 m - 5 potions of haste {unknown}
 p - a potion of ambrosia {unknown}
 q - a potion of enlightenment {unknown}
 s - a potion of heal wounds {unknown}


   Skills:
 + Level 1.5 Fighting
 + Level 1.4 Throwing
 + Level 2.1 Dodging
 + Level 3.4 Unarmed Combat
 + Level 1.2 Invocations
 * Level 3.7 Shapeshifting


You had 3 spell levels left.
You didn't know any spells.
Your spell library contained the following spells:

 Spells                   Type           Power      Damage    Failure   Level
 Lesser Beckoning         Tloc           0%         N/A       58%         2
 Gell's Gravitas          Tloc           0%         N/A       83%         3
 Teleport Other           Tloc           0%         N/A       83%         3
 Haunt                    Necr/Summ      0%         N/A       100%        7
 Borgnjor's Revivificati  Necr           0%         N/A       100%        8
 Death's Door             Necr           0%         N/A       100%        9


Dungeon Overview and Level Annotations

Branches:
Dungeon (4/15)
 Temple: D:4-7

Altars:
Trog

Shops:
D:3 [


Innate Abilities, Weirdness & Mutations

You are a hulking beast.
Your limbs bulge with bestial killing power. (Slay +2)
You are too large for most types of armour.
You have claws for hands.
Your natural rate of healing is unusually fast.
You are covered in fur. (AC +1)
You have tough skin. (AC +1)


Message History

Aim: a gnoll, wielding a +0 spear (severely wounded, 56% to hit)
You throw a poisoned dart. The poisoned dart hits the gnoll.
The gnoll is poisoned.
The gnoll hits you from afar with a +0 spear.
The gnoll attacks as it pursues you!
The gnoll hits you from afar with a +0 spear.
Throw: 3 darts (poison)
Press: ? - help, Q - select action, (/) - cycle Shift-Dir - straight line, f/p - gnoll
Aim: a gnoll, wielding a +0 spear (severely wounded, 56% to hit)
You throw a poisoned dart.
The poisoned dart barely misses the gnoll.
The gnoll hits you from afar with a +0 spear.
Throw: 2 darts (poison)
Press: ? - help, Q - select action, (/) - cycle Shift-Dir - straight line, f/p - gnoll
Aim: a gnoll, wielding a +0 spear (severely wounded, 56% to hit)
You throw a poisoned dart. The poisoned dart hits the gnoll.
The gnoll is poisoned.
The gnoll is severely wounded.
The gnoll hits you from afar with a +0 spear. x2
The gnoll looks more healthy.
The gnoll hits you from afar with a +0 spear.
The gnoll hits you with a +0 spear.
* * * LOW HITPOINT WARNING * * *
You barely miss the gnoll.
The gnoll is severely wounded.
The gnoll hits you from afar with a +0 spear.
* * * LOW HITPOINT WARNING * * *
The gnoll hits you with a +0 spear.
* * * LOW HITPOINT WARNING * * *
You claw the gnoll!
You kill the gnoll!
The gnoll completely misses you. The gnoll hits you with a +0 spear!
* * * LOW HITPOINT WARNING * * *
Things that are here:
a +0 spear; a gnoll corpse You claw the gnoll!
The gnoll is almost dead.
The gnoll hits you with a +0 spear.
You die...

#### ##..## #....# ###
##..####.# ###
##.####..###
##..#########(.........#
#......##.............##
.#......##.............#
....>(......#..gh.#..###
.....###...#####..#.##
..$.. #######.[..###
..... ###.....# .g...
#....#...# g.... #
#..###.#.# ....#
#.##..#....# ....
#..#..##....
#...<##...#.#


You could see a gnoll.

Vanquished Creatures
  Robin (D:3)
  A gnoll (D:4)
  3 adders (D:2)
  2 ribbon worms
  2 dart slugs (D:2)
  An orc (D:3)
  2 endoplasms
  3 giant cockroaches
  8 goblins
  10 hobgoblins
  2 jackals
  3 quokkas (D:1)
  6 ball pythons
  6 bats
  5 frilled lizards
  7 kobolds
  4 rats
66 creatures vanquished.

Notes
Turn   | Place    | Note
-------+----------+-------------------------------------------
     0 | D:1      | anacleto the Troll Shapeshifter began the quest for the
                  | Orb.
     0 | D:1      | Reached XP level 1. HP: 18/18 MP: 0/0
   213 | D:1      | Reached skill level 1 in Fighting
   215 | D:1      | Reached XP level 2. HP: 27/27 MP: 1/1
   829 | D:2      | Reached XP level 3. HP: 33/33 MP: 2/2
   937 | D:2      | Reached skill level 1 in Throwing
  1347 | D:2      | Reached XP level 4. HP: 41/41 MP: 3/3
  1541 | D:2      | Reached skill level 1 in Invocations
  1833 | D:3      | Found Feolad's Antique Armour Boutique.
  1913 | D:3      | Noticed Robin
  1931 | D:3      | Killed Robin
  2178 | D:3      | Found a bloodstained altar of Trog.
  2318 | D:4      | HP: 1/41 [gnoll/+0 spear (7)]
  2319 | D:4      | Slain by a gnoll

Illustrated notes

Levels and vault maps discovered:
D:1:      heliophobic_arrival_henge, layout_basic
D:2:      layout_basic, minmay_pentomino_p4
D:3:      layout_basic, lightli_temple_of_fire, serial_shops, shop, uniq_robin
D:4:      layout_cave_pools, serial_shops, nicolae_shop_mannequins,
          dk_noncrumbling_3

Skill      XL: |  1  2  3  4 |
---------------+-------------+-----
Fighting       | 1 |  1.5
Throwing       | 1 |  1.4
Dodging        | 2 |  2.1
Invocations    | 1 |  1.2
Unarmed Combat | |  3.4
Shapeshifting  | |  3.7

Action                     |  1- 3 |  4- 6 || total
---------------------------+-------+-------++-------
  Melee: Unarmed           |    89 |    67 ||   156
         Punch             |     2 |       ||     2
  Throw: Dart              |       |     4 ||     4
   Stab: Sleeping          |     1 |       ||     1
 Armour: Animal skin       |    73 |    69 ||   142
  Dodge: Dodged            |    56 |    54 ||   110

Table legend: (Time is in decaauts)
 A = Elapsed time spent in this place.
 B = Non-inter-level travel time spent in this place.
 C = Inter-level travel time spent in this place.
 D = Time resting spent in this place.
 E = Time spent auto-exploring this place.
 F = Levels seen in this place.
 G = Mean time per level.
                   A        B        C        D        E       F      G
               +--------+--------+--------+--------+--------+-----+--------+
         Total |   2311 |   2207 |    104 |    209 |   1497 |   4 |  577.8 |
       Dungeon |   2311 |   2207 |    104 |    209 |   1497 |   4 |  577.8 |
               +--------+--------+--------+--------+--------+-----+--------+

Top non-repeatable levels by time:
     D:2: 990 daAuts
     D:1: 648 daAuts
     D:3: 602 daAuts
     D:4: 70 daAuts
